 Dungeon Crawl Stone Soup version 0.23.0-3-gf3c87f2 (webtiles) character file.

Game seed: 2647073757989309682

21829 Jaiteiro the Spear-Bearer (level 13, -1/148 HPs)
             Began as a Formicid Fighter on Feb 24, 2019.
             Killed from afar by an electric eel (6 damage)
             ... with a bolt of electricity
             ... on level 12 of the Dungeon.
             The game lasted 01:13:19 (15133 turns).

Jaiteiro the Spear-Bearer (Formicid Fighter)       Turns: 15133, Time: 01:13:20

Health: -1/148     AC: 26    Str: 32    XL:     13   Next: 22%
Magic:  17/17      EV:  2    Int:  8    God:
Gold:   894        SH: 18    Dex: 10    Spells: 12/12 levels left

rFire    . . .     SeeInvis .   a - +2 trident (flame)
rCold    + . .     Gourm    .   G - +1 shield
rNeg     + + +     Faith    .   (armour currently unavailable)
rPois    +         Spirit   .   (helmet unavailable)
rElec    .         Reflect  +   (cloak currently unavailable)
rCorr    .         Harm     .   (gloves currently unavailable)
MR       +....                  (boots currently unavailable)
Stlth    +.........             J - +3 amulet of reflection
HPRegen  0.34/turn              s - ring of positive energy
MPRegen  0.15/turn              V - ring of the Burgomaster {rC+ Str+6}

@: tree-form
A: permanent stasis, dig shafts and tunnels, four strong arms
a: no special abilities


You were on level 12 of the Dungeon.
You were not hungry.
You were a tree.
You visited 1 branch of the dungeon, and saw 12 of its levels.
You also visited: Ice Cave.

You collected 894 gold pieces.

Inventory:

Hand Weapons
 a - a +2 trident of flaming (weapon)
 e - a +0 fustibalus of flaming
 r - a +4 hunting sling of flaming
 C - a +0 blowgun
 I - a +1 great mace of holy wrath
Missiles
 c - 273 stones
 d - 20 tomahawks (quivered)
 z - 72 sling bullets
 D - 6 javelins of penetration
 F - 2 throwing nets
 K - 4 curare-tipped needles
 P - 19 poisoned needles
Armour
 l - a scarf of repulsion (melded)
 t - a +0 pair of boots (melded)
 y - a +0 plate armour (melded)
 G - a +1 shield (worn)
 L - a +3 scale mail of cold resistance
 Y - a +2 cloak
Jewellery
 s - a ring of positive energy (left branch)
 J - a +3 amulet of reflection (around neck)
 Q - an uncursed ring of ice {unknown}
 T - a cursed ring of attention {unknown}
 U - an uncursed ring of protection from cold {unknown}
 V - the ring of the Burgomaster (right branch) {rC+ Str+6}
   (You acquired it on level 9 of the Dungeon)

   [ring of protection from cold]

   It affects your strength (+6).
   It protects you from cold.
Wands
 v - a wand of flame (11)
 w - a wand of polymorph (16)
 x - a wand of disintegration (21)
 B - a wand of paralysis (17)
 H - a wand of random effects (20)
 N - a wand of enslavement (13)
 X - a wand of iceblast (9)
Scrolls
 j - 3 scrolls of identify
 k - a scroll of magic mapping {unknown}
 m - 4 scrolls of fear
 p - a scroll of vulnerability {unknown}
 q - 3 scrolls of enchant weapon {unknown}
 u - 2 scrolls of enchant armour
 E - 2 scrolls of torment {unknown}
 O - a scroll of summoning {unknown}
 R - 2 scrolls of amnesia {unknown}
 S - 3 scrolls of immolation {unknown}
 W - 2 scrolls of random uselessness {unknown}
Potions
 b - a potion of mutation {unknown}
 g - 4 potions of agility
 h - a potion of ambrosia {unknown}
 i - a potion of lignification
 n - 3 potions of curing
 o - a potion of cancellation {unknown}
 A - 2 potions of brilliance
Miscellaneous
 M - a phial of floods
Comestibles
 f - 19 rations
 Z - 9 chunks of flesh


   Skills:
 + Level 8.4 Fighting
 * Level 14.1 Polearms
 * Level 5.2 Throwing
 - Level 3.2 Armour
 + Level 3.3 Dodging
 * Level 13.0 Shields
 * Level 5.8 Evocations


You had 12 spell levels left.
You didn't know any spells.
Your spell library was empty.

Dungeon Overview and Level Annotations

Branches:
Dungeon (12/15)              Lair (0/6) D:8             Orc (0/2) D:10
 Temple: D:4-7

Altars:
Ashenzari
Elyvilon
Gozag
Okawaru
Ru
Sif Muna
Trog
Uskayaw
Vehumet
Xom
Yredelemnul
The Shining One

Shops:
D:8 (

Annotations:
D:10 1 runed translucent door, Rwicked's ghost, journeyman MiBe


Innate Abilities, Weirdness & Mutations

You cannot be hasted, slowed, berserked, paralysed or teleported.
You can dig through walls and to a lower floor.
Your four strong arms can wield two-handed weapons with a shield.
((You have a pair of large antennae on your head. (SInv)))


Message History

You kill the electric eel!
You hear a splash.
The electric eel shoots out a bolt of lightning at you!
The bolt of electricity hits you!
* * * LOW HITPOINT WARNING * * *
The electric eel shoots out a bolt of lightning at you!
The bolt of electricity hits you.
* * * LOW HITPOINT WARNING * * *
The electric eel shoots out a bolt of lightning at you!
The bolt of electricity hits you!
* * * LOW HITPOINT WARNING * * *
You turn into a tree.
Your scarf of repulsion melds into your body.
Your +0 pair of boots melds into your body.
Your +0 plate armour melds into your body.
The haze of the repulsion field disappears.
Your roots penetrate the ground.
The electric eel shoots out a bolt of lightning at you!
The bolt of electricity hits you.
You die...

#......... . #..##...#
#......... . #.##..##...#
#........# ..#.#...##...#
#.#####..# ........##...#
#.# #..# ........##...#
#.# #..# ........##...##
#.# #..#
....$...##....###.#####..#
...≈.;≈..♣.......≈≈≈.##..#
...≈≈.≈≈;≈≈≈≈≈≈≈≈≈≈......#
...≈≈.≈....?....≈≈.≈.≈...
....≈≈≈...≈..∩...≈≈≈≈.≈...
#..≈≈≈≈≈≈≈≈....≈...≈.≈.≈.#
##.≈≈≈.≈≈.....≈≈...≈≈≈≈..
#..≈≈≈≈≈≈≈≈≈≈≈≈≈≈≈≈....#
#≈≈...≈≈≈.≈.≈.........##


You could see 2 electric eels.

Vanquished Creatures
  A hydra (D:9)
  A centaur warrior (D:9)
  A two-headed ogre (D:9)
  2 dancing weapons (D:6)
  A death yak (D:12)
  Sonja (D:11)
  2 unseen horrors
  Pikel (D:3)
  3 ugly things
  2 manticores
  Joseph (D:9)
  A komodo dragon (shapeshifter) (D:9)
  A kobold demonologist (D:11)
  4 polar bears (D:12)
  A hornet (D:8)
  4 hippogriffs
  Sigmund (D:3)
  A shadow (D:12)
  2 wraiths
  A wyvern (D:9)
  8 yaks
  A steam dragon (D:10)
  A hungry ghost (D:7)
  Grum (D:9)
  A vampire mosquito (D:9)
  A soldier ant (D:10)
  A warg (D:10)
  A water moccasin (D:9)
  4 orc warriors
  Purgy (D:4)
  4 sky beasts
  4 slaves (D:4)
  2 phantoms
  A black bear (D:10)
  19 ice beasts
  6 wolves
  4 eyes of draining
  10 ogres
  4 centaurs
  2 big kobolds
  A crocodile (D:12)
  Blork the orc (D:4)
  9 bullfrogs
  A water moccasin zombie (D:5)
  3 scorpions
  A hornet simulacrum (D:12)
  A wyvern skeleton (D:9)
  12 wights
  A killer bee (D:9)
  4 howler monkeys
  An electric eel (D:12)
  7 crimson imps
  2 bullfrog zombies
  A wyvern simulacrum (D:12)
  4 hounds
  2 jellies (D:10)
  A gnoll shaman (D:10)
  7 orc priests
  2 bullfrog skeletons (D:7)
  3 centaur skeletons
  2 iguanas
  Ijyb (D:4)
  Natasha (twice) (D:2)
  7 orc wizards
  2 killer bee zombies (D:7)
  12 worker ants
  A bullfrog simulacrum (D:12)
  2 hound zombies
  A hound skeleton (D:4)
  2 worker ant zombies (D:11)
  11 gnolls
  7 adders
  3 shadow imps
  2 white imps (D:12)
  4 ufetubi (D:12)
  4 oozes
  An adder zombie (D:8)
  2 adder skeletons
  A worm (D:3)
  4 dart slugs
  9 leopard geckos
  49 orcs
  6 giant cockroaches
  5 goblins
  9 hobgoblins
  15 jackals
  14 kobolds
  3 quokkas
  5 ball pythons
  9 bats
  5 frilled lizards
  2 gnoll zombies (D:3)
  A jackal zombie (D:5)
  2 leopard gecko zombies
  2 quokka skeletons
  7 rats
386 creatures vanquished.

Vanquished Creatures (others)
  A yak (D:12)
  An orc (D:10)
2 creatures vanquished.

Grand Total: 388 creatures vanquished

Notes
Turn   | Place    | Note
-------+----------+-------------------------------------------
     0 | D:1      | Jaiteiro the Formicid Fighter began the quest for the Orb.
     0 | D:1      | Reached XP level 1. HP: 18/18 MP: 1/1
   308 | D:1      | Reached XP level 2. HP: 24/24 MP: 2/2
   464 | D:1      | Reached XP level 3. HP: 29/29 MP: 3/3
  1136 | D:2      | Reached XP level 4. HP: 36/37 MP: 4/4
  1402 | D:2      | Reached skill level 3 in Polearms
  1698 | D:2      | Noticed Natasha
  1704 | D:2      | Killed Natasha
  1704 | D:2      | Reached skill level 5 in Shields
  1704 | D:2      | Reached XP level 5. HP: 42/42 MP: 5/5
  1821 | D:2      | Noticed Natasha
  1838 | D:2      | Killed Natasha
  2485 | D:3      | Found a radiant altar of Vehumet.
  2597 | D:3      | Found a faded altar of an unknown god.
  2733 | D:3      | Reached skill level 4 in Polearms
  2733 | D:3      | Reached XP level 6. HP: 48/48 MP: 6/6
  2867 | D:3      | Found a bloodstained altar of Trog.
  2867 | D:3      | Noticed an eye of draining
  2867 | D:3      | Noticed an eye of draining
  2867 | D:3      | Noticed Sigmund
  2872 | D:3      | Killed an eye of draining
  2875 | D:3      | Killed Sigmund
  2875 | D:3      | Reached skill level 5 in Polearms
  2875 | D:3      | Reached skill level 1 in Dodging
  2875 | D:3      | Reached XP level 7. HP: 37/54 MP: 0/7
  3134 | D:3      | Found a basalt altar of Yredelemnul.
  3467 | D:4      | Noticed Purgy
  3480 | D:4      | Killed Purgy
  3480 | D:4      | Reached skill level 6 in Polearms
  3496 | D:4      | Found a shattered altar of Ashenzari.
  3506 | D:4      | Noticed Blork the orc
  3517 | D:4      | Killed Blork the orc
  3517 | D:4      | Reached XP level 8. HP: 46/61 MP: 2/8
  3605 | D:4      | Found a sacrificial altar of Ru.
  3816 | D:4      | Noticed Pikel
  4452 | D:4      | Found a shimmering altar of Xom.
  4495 | D:4      | Noticed Ijyb
  4505 | D:4      | Killed Ijyb
  4631 | D:4      | Reached skill level 7 in Polearms
  4634 | D:4      | Found a deep blue altar of Sif Muna.
  4770 | D:3      | Killed Pikel
  4770 | D:3      | Reached skill level 8 in Polearms
  4770 | D:3      | Reached XP level 9. HP: 30/67 MP: 3/9
  4912 | D:5      | Entered Level 5 of the Dungeon
  5228 | D:5      | Reached skill level 5 in Fighting
  5399 | D:5      | Reached skill level 9 in Polearms
  5572 | D:5      | Found an opulent altar of Gozag.
  5925 | D:6      | Found a white marble altar of Elyvilon.
  6362 | D:6      | Noticed a +0 hand axe
  6363 | D:6      | Found a hide-covered altar of Uskayaw.
  6363 | D:6      | Noticed a +0 hand axe
  6404 | D:6      | Killed a +0 hand axe
  6404 | D:6      | Reached skill level 10 in Polearms
  6404 | D:6      | Reached XP level 10. HP: 53/76 MP: 3/10
  6424 | D:6      | Killed a +0 hand axe
  6424 | D:6      | Reached skill level 11 in Polearms
  7846 | D:7      | Reached skill level 1 in Evocations
  8213 | D:7      | Reached skill level 1 in Throwing
  8263 | D:8      | Found Yhu Lea's Antique Weapon Boutique.
  8331 | D:8      | Identified 2 scrolls of acquirement
  8373 | D:8      | You fall through a shaft for 3 floors!
  8380 | D:11     | Noticed Sonja
  8426 | D:11     | Killed Sonja
  8674 | D:11     | Reached XP level 11. HP: 75/83 MP: 12/12
  8895 | D:11     | Noticed a manticore
  8905 | D:11     | Killed a manticore
  8906 | D:11     | Reached skill level 12 in Polearms
  8906 | D:11     | Reached skill level 10 in Shields
  9621 | D:10     | Entered Level 10 of the Dungeon
 10235 | D:10     | Found a staircase to the Orcish Mines.
 10601 | D:10     | Found a runed translucent door.
 10601 | D:10     | Found a shimmering altar of Xom.
 10601 | D:10     | Noticed Rwicked's ghost (journeyman MiBe)
 10602 | D:10     | Noticed a +1 long sword of chaos
 11249 | D:9      | Noticed Joseph
 11280 | D:9      | Killed Joseph
 11381 | D:9      | Noticed a two-headed ogre
 11393 | D:9      | Killed a two-headed ogre
 11561 | D:9      | Reached skill level 13 in Polearms
 11561 | D:9      | Reached XP level 12. HP: 91/91 MP: 15/15
 11604 | D:9      | Noticed a fire crab
 11615 | D:9      | a fire crab changed into a komodo dragon
 11632 | D:9      | Noticed a seven-headed hydra
 11648 | D:9      | Killed a seven-headed hydra
 12007 | D:9      | Noticed a centaur warrior
 12023 | D:9      | Killed a centaur warrior
 12024 | D:9      | Noticed an unseen horror
 12159 | D:9      | Noticed Grum
 12191 | D:9      | Killed Grum
 12199 | D:9      | Killed an unseen horror
 12655 | D:9      | Found an iron altar of Okawaru.
 12776 | D:9      | Got a transparent pewter ring
 12778 | D:9      | Identified the ring of the Burgomaster {rC+ Str+6} (You
                  | acquired it on level 9 of the Dungeon)
 12918 | D:8      | Found a glowing golden altar of the Shining One.
 13110 | D:8      | You fall through a shaft!
 13206 | D:8      | Found a deep blue altar of Sif Muna.
 13410 | D:8      | Found a staircase to the Lair.
 13746 | D:12     | Reached skill level 5 in Evocations
 13892 | D:12     | Found a frozen archway.
 13921 | IceCv    | Entered an ice cave
 14046 | IceCv    | Found a transporter.
 14069 | IceCv    | Found a transporter.
 14091 | D:12     | HP: 4/93 [wight/+3 great sword (7)]
 14737 | D:12     | Reached skill level 5 in Throwing
 14737 | D:12     | Reached XP level 13. HP: 74/98 MP: 17/17
 14848 | D:12     | Reached skill level 14 in Polearms
 15132 | D:12     | HP: 3/99 [electric eel/bolt of electricity (10)]
 15133 | D:12     | Killed from afar by an electric eel

Skill      XL: |  1  2  3  4  5  6  7  8  9 10 11 12 13 |
---------------+----------------------------------------+-----
Shields        | 4 5 6 7 8 9 10 12 13 | 13.0
Polearms       | 3 4 5 6 8 10 11 13 14 | 14.1
Fighting       | 4 5 6 7 8 |  8.4
Dodging        | 1 2 3 |  3.3
Evocations     | 1 4 5 |  5.8
Throwing       | 1 3 5 |  5.2
Armour         | |  3.2

Action                   |  1- 3 |  4- 6 |  7- 9 | 10-12 | 13-15 || total
-------------------------+-------+-------+-------+-------+-------++-------
Melee: Trident           |   109 |   212 |   333 |   998 |   102 ||  1754
Throw: Stone             |       |       |       |     6 |       ||     6
       Tomahawk          |       |       |       |    16 |       ||    16
 Abil: Dig               |       |     2 |     3 |     4 |       ||     9
Evoke: Wand              |       |       |       |     4 |       ||     4
  Use: Scroll            |       |     1 |       |    16 |       ||    17
       Potion            |       |     1 |     1 |     4 |     1 ||     7
  Eat: Chunk             |       |     8 |    11 |    11 |       ||    30
       Ration            |       |       |       |     6 |       ||     6
Armor: Scale mail        |    34 |    74 |    68 |    33 |       ||   209
       Plate armour      |       |       |       |   112 |    18 ||   130
       Chain mail        |       |       |       |    16 |       ||    16
       Skin              |       |       |       |    34 |       ||    34
Dodge: Dodged            |    35 |    58 |   100 |   179 |    24 ||   396
       Deflected         |       |       |       |     2 |       ||     2
Block: Shield            |    57 |   101 |   127 |   583 |    60 ||   928
       Reflection        |       |       |       |    26 |       ||    26
